 Dungeon Crawl Stone Soup version 0.16-a0-3873-g452e4d5 (webtiles) character file.

309 PolkaDot the Caller (level 6, 0/41 HPs)
             Began as a Vampire Summoner on Feb 1, 2015.
             Slain by an adder (2 damage)
             ... on level 5 of the Dungeon.
             The game lasted 00:11:34 (3972 turns).

PolkaDot the Caller (Vampire Summoner)              Turns: 3972, Time: 00:11:35

Health: 0/41       AC:  1    Str:  7    XL:     6   Next: 17%
Magic:  9/10       EV: 13    Int: 19    God:
Gold:   209        SH:  0    Dex: 16    Spells: 2 memorised, 5 levels left

rFire  . . .     SeeInvis +     x - +0 scimitar
rCold  . . .     Clarity  .     a - +0 robe
rNeg   . . .     SustAb   .     (no shield)
rPois  +         Gourm    .     (no helmet)
rElec  .         Spirit   .     (no cloak)
rCorr  .         Warding  .     (no gloves)
rMut   .         Stasis   .     (no boots)
MR     .....                    (no amulet)
Stlth  +++.......               w - ring of poison resistance
                                y - ring of teleport control

@: regenerating very quickly, not resistant to hostile enchantments, fairly
stealthy
A: bottle blood, fangs 3, thin skeletal structure 1, see invisible, deformed
body, deterioration 1, frail 1, unbreathing
a: Evoke Teleport Control


You were on level 5 of the Dungeon.
You were almost alive.

You visited 1 branch of the dungeon, and saw 5 of its levels.

You collected 209 gold pieces.

Inventory:

Hand weapons
 x - a +0 scimitar (weapon)
Missiles
 s - 2 throwing nets (quivered)
Armour
 a - a +0 robe (worn)
Jewellery
 o - an uncursed ring of ice
 w - a ring of poison resistance (right hand)
 y - a ring of teleport control (left hand)
Magical devices
 i - a wand of cold (4)
Scrolls
 c - 2 scrolls of remove curse
 f - 2 scrolls of enchant weapon
 m - a scroll of identify {unknown}
 n - a scroll of blinking
 r - a scroll of recharging {unknown}
 t - a scroll of fog
 u - a scroll of immolation
 z - a scroll of teleportation
Potions
 d - 7 potions of blood {@*1}
 h - 2 potions of cancellation
 j - a potion of brilliance {unknown}
 k - a potion of experience {unknown}
 l - a potion of lignification {unknown}
 p - a potion of curing
 q - a potion of beneficial mutation {unknown}
 A - a potion of cure mutation {unknown}
Books
 b - a book of Callings

   Spells                             Type                      Level
   a - Summon Small Mammal            Summoning                    1
   b - Call Imp                       Summoning                    2
   c - Call Canine Familiar           Summoning                    3
   d - Summon Guardian Golem          Hexes/Summoning              4
   e - Summon Lightning Spire         Summoning/Air                4
   f - Summon Ice Beast               Ice/Summoning                4


   Skills:
 - Level 2.4 Fighting
   Level 0.7(0.9) Short Blades
 + Level 0.4(0.6) Long Blades
 - Level 2.1 Dodging
 - Level 3.0 Stealth
 - Level 2.0 Spellcasting
 * Level 6.5 Summonings
 + Level 1.2 Evocations


You had 5 spell levels left.
You knew the following spells:

 Your Spells              Type           Power        Failure   Level  Hunger
d - Call Canine Familiar  Summ           ####....     3%          3    ###....
z - Summon Small Mammal   Summ           ####         1%          1    #......


Dungeon Overview and Level Annotations

Branches:
Dungeon (5/15)
 Temple: D:4-7

Altars:
Gozag


Innate Abilities, Weirdness & Mutations

Your natural rate of healing is extremely fast.
You can bottle blood from corpses.
You have razor-sharp teeth.
You have supernaturally acute eyesight.
You can survive without breathing.
You have a somewhat thin skeletal structure (Dex +2, Stealth).
Armour fits poorly on your strangely shaped body.
Your body is slowly deteriorating.
You are frail (-10% HP).


Message History

The worker ant is heavily wounded.
The worker ant bites you.
* * * LOW HITPOINT WARNING * * *
The worker ant barely misses you.
You barely miss the worker ant.
The worker ant is heavily wounded.
The worker ant closely misses you.
You closely miss the worker ant.
The worker ant is heavily wounded.
The worker ant barely misses you. The worker ant bites you.
* * * LOW HITPOINT WARNING * * *
You closely miss the worker ant. You bite the worker ant.
The worker ant is heavily wounded.
The worker ant closely misses you. The worker ant bites you.
* * * LOW HITPOINT WARNING * * *
You slash the worker ant!
You kill the worker ant!
The adder bites you but does no damage.
You barely miss the adder. The adder bites you.
You die...

#..%##...## .
##.#######
..#####....#
...........##
...........##
......#...## .....
###.##
.......###..#####..#
.$.....S@...........
.......####..####.##
..... ...... ....
###.#### ... $. .
..# #.# ..


You could see an adder.

Vanquished Creatures
  2 hounds
  A centaur skeleton (D:4)
  3 worker ants
  A gnoll (D:4)
  3 adders
  A giant mite (D:2)
  A worm (D:3)
  4 orcs
  A ball python (D:3)
  5 giant cockroaches
  8 goblins
  8 hobgoblins
  3 jackals (D:4)
  3 kobolds
  3 quokkas
  12 bats
  6 giant geckos
  A giant gecko zombie (D:4)
  6 giant newts
  5 rats
77 creatures vanquished.

Vanquished Creatures (collateral kills)
  A worker ant (D:4)
  2 iguanas (D:5)
  2 gnolls (D:4)
  An adder (D:2)
  A giant gecko (D:1)
  An ooze (D:2)
  An orc (D:5)
  2 bats (D:1)
  A giant cockroach (D:1)
  2 hobgoblins
  A kobold (D:4)
  3 goblins
  A rat (D:4)
19 creatures vanquished.

Vanquished Creatures (others)
  A hound (D:4)
  2 quokkas
  A bat (D:5)
  A rat (D:2)
5 creatures vanquished.

Grand Total: 101 creatures vanquished

Notes
Turn   | Place    | Note
--------------------------------------------------------------
     0 | D:1      | PolkaDot, the Vampire Summoner, began the quest for the Orb.
     0 | D:1      | Reached XP level 1. HP: 13/13 MP: 3/3
   508 | D:1      | Reached XP level 2. HP: 18/20 MP: 0/4
  1221 | D:1      | Reached skill level 1 in Fighting
  1432 | D:2      | Reached XP level 3. HP: 9/26 MP: 3/6
  1590 | D:2      | Reached skill level 5 in Summonings
  1761 | D:2      | Reached XP level 4. HP: 19/32 MP: 7/7
  1978 | D:3      | Learned a level 3 spell: Call Canine Familiar
  2119 | D:3      | Found an opulent altar of Gozag.
  2834 | D:4      | Reached XP level 5. HP: 21/38 MP: 5/9
  2941 | D:4      | Reached skill level 6 in Summonings
  3770 | D:5      | Entered Level 5 of the Dungeon
  3797 | D:5      | Gained mutation: Armour fits poorly on your strangely shaped body. [potion of mutation]
  3797 | D:5      | Gained mutation: Your mind is acute. (Int +2) [potion of mutation]
  3797 | D:5      | Gained mutation: You are frail (-10% HP). [potion of mutation]
  3798 | D:5      | Gained mutation: You have a somewhat thin skeletal structure (Dex +2, Stealth). [potion of mutation]
  3798 | D:5      | Gained mutation: Your body is slowly deteriorating. [potion of mutation]
  3798 | D:5      | Lost mutation: Your mind is acute. (Int +2) [potion of mutation]
  3800 | D:5      | Reached skill level 1 in Evocations
  3800 | D:5      | Reached XP level 6. HP: 3/41 MP: 2/10
  3970 | D:5      | HP: 1/41 [worker ant (3)]
  3972 | D:5      | Slain by an adder

Action                   |  1- 3 |  4- 6 || total
-------------------------+-------+-------++-------
Melee: Unarmed           |    82 |       ||    82
       Dagger            |    91 |   245 ||   336
       Scimitar          |       |    19 ||    19
 Cast: Summon Small Mamm |    21 |    13 ||    34
       Call Canine Famil |       |    11 ||    11
  Use: Potion            |     5 |    17 ||    22
       Scroll            |       |    11 ||    11
 Stab: Sleeping          |     9 |     7 ||    16
       Distracted        |       |     2 ||     2
  Eat: Corpse            |    11 |       ||    11
